 Dungeon Crawl Stone Soup version 0.29.1-15-g9cfb28693d (console) character file.

Game seed: 10021965779276630371

7 sentinel the Digger (level 2, 20/20 HPs)
             Began as a Meteoran Earth Elementalist on Aug 14, 2023.
             Quit the game on level 1 of the Dungeon.
             The game lasted 00:00:04 (132 turns).

sentinel the Digger (Meteoran Earth Elementalist)    Turns: 132, Time: 00:00:05

Health: 20/20      AC:  2    Str:  9    XL:     2   Next: 17%
Magic:  6/6        EV: 12    Int: 16    God:
Gold:   0          SH:  0    Dex: 14    Spells: 5/6 levels left

rFire   . . .      SeeInvis .   (no weapon)
rCold   . . .      Faith    .   (no shield)
rNeg    . . .      Spirit   .   a - +0 robe
rPois   .          Reflect  .   (no helmet)
rElec   .          Harm     .   (no cloak)
rCorr   .          Rampage  .   (no gloves)
Will    .....                   (no boots)
Stlth   +.........              (no amulet)
HPRegen 0.06/turn               (no ring)
MPRegen 0.10/turn               (no ring)

@: glowing
A: sense surroundings 1, otherworldly, glowing, explore regen
a: no special abilities


You were on level 1 of the Dungeon.
You visited 1 branch of the dungeon, and saw 1 of its levels.

Inventory:

Armour
 a - a +0 robe (worn)
Potions
 b - a potion of magic
 c - a potion of mutation {unknown}


   Skills:
 - Level 2.4 Dodging
 - Level 1.4 Stealth
 - Level 2.6 Spellcasting
 - Level 1.2 Transmutations
 + Level 4.2 Earth Magic


You had 5 spell levels left.
You knew the following spells:

 Your Spells              Type           Power      Damage    Failure   Level
a - Sandblast             Erth           30%        2d9       3%          1

Your spell library contained the following spells:

 Spells                   Type           Power      Damage    Failure   Level
 Passwall                 Tmut/Erth      8%         N/A       10%         2
 Stone Arrow              Conj/Erth      16%        3d8       24%         3
 Petrify                  Tmut/Erth      10%        N/A       54%         4


Dungeon Overview and Level Annotations

Branches:
Dungeon (1/15) Zot: 462

Altars:


Innate Abilities, Weirdness & Mutations

You passively map a small area around you.
You are easily found by Zot.
You glow in the dark.
You regain HP and MP as you explore.


Message History

Unknown command.
You can't see any susceptible monsters within range! (Use Z to cast anyway.) Unknown command.
No target in view!
No target in view!
You can't see any susceptible monsters within range! (Use Z to cast anyway.) Unknown command.
You can't see any susceptible monsters within range! (Use Z to cast anyway.) Unknown command.
You can't see any susceptible monsters within range! (Use Z to cast anyway.) Unknown command.
You can't see any susceptible monsters within range! (Use Z to cast anyway.) Unknown command.
No target in view!
No target in view!
You can't see any susceptible monsters within range! (Use Z to cast anyway.) Unknown command.
You can't see any susceptible monsters within range! (Use Z to cast anyway.) Unknown command.
You can't see any susceptible monsters within range! (Use Z to cast anyway.) Unknown command.
You can't see any susceptible monsters within range! (Use Z to cast anyway.) Unknown command.
Magic restored.
Found a robe.
Unknown command.
A giant cockroach comes into view.
Unknown command.
But you're not safe!
Unknown command.
But you're not safe!
Unknown command.
But you're not safe!
Unknown command.
The blast of sand hits the giant cockroach but does no damage.
The giant cockroach barely misses you.
You closely miss the giant cockroach.
The giant cockroach bites you but does no damage.
The blast of sand misses the giant cockroach.
The giant cockroach bites you but does no damage.
The giant cockroach bites you.
Unknown command.
The blast of sand misses the giant cockroach.
The giant cockroach bites you. The giant cockroach barely misses you.
Unknown command.
The blast of sand hits the giant cockroach.
The giant cockroach is moderately wounded.
The giant cockroach closely misses you. The giant cockroach misses you.
Unknown command.
The blast of sand hits the giant cockroach.
You kill the giant cockroach!
Unknown command.
No target in view!
No target in view!
You can't see any susceptible monsters within range! (Use Z to cast anyway.) Unknown command.
You can't see any susceptible monsters within range! (Use Z to cast anyway.) Unknown command.
You can't see any susceptible monsters within range! (Use Z to cast anyway.) Unknown command.
You can't see any susceptible monsters within range! (Use Z to cast anyway.) Unknown command.
No target in view!
No target in view!
You can't see any susceptible monsters within range! (Use Z to cast anyway.) Unknown command.
You can't see any susceptible monsters within range! (Use Z to cast anyway.) Unknown command.
You can't see any susceptible monsters within range! (Use Z to cast anyway.) Unknown command.
You can't see any susceptible monsters within range! (Use Z to cast anyway.) Unknown command.
HP restored.
Found a hand axe.
Unknown command.
A rat comes into view.
Unknown command.
But you're not safe!
Unknown command.
But you're not safe!
Unknown command.
But you're not safe!
Unknown command.
You can't see any susceptible monsters within range! (Use Z to cast anyway.) Unknown command.
You can't see any susceptible monsters within range! (Use Z to cast anyway.) Unknown command.
You can't see any susceptible monsters within range! (Use Z to cast anyway.) Unknown command.
You can't see any susceptible monsters within range! (Use Z to cast anyway.) Unknown command.
A hobgoblin and a frilled lizard come into view.
Found a red potion.
Found a faded altar of an unknown god.
The hobgoblin shouts!
The frilled lizard hisses angrily.
A hobgoblin comes into view.
The hobgoblin shouts!
You hit the hobgoblin but do no damage.
A bat comes into view.
The hobgoblin closely misses you.
The blast of sand hits the hobgoblin but does no damage.
The hobgoblin misses you.
Unknown command.
The blast of sand hits the hobgoblin.
You kill the hobgoblin!
The frilled lizard closely misses you.
Unknown command.
The blast of sand hits the frilled lizard.
You kill the frilled lizard!
Your Earth Magic skill increases to level 4!
Unknown command.
The blast of sand hits the rat!
You kill the rat!
The hobgoblin hits you.
You have reached level 2!
Unknown command.
You hit the hobgoblin.
The hobgoblin is heavily wounded.
The hobgoblin barely misses you.
You barely miss the hobgoblin.
The hobgoblin is heavily wounded.
The hobgoblin completely misses you.
The blast of sand hits the hobgoblin.
You kill the hobgoblin!
The bat hits you but does no damage.
Unknown command.
The blast of sand hits the bat!
You kill the bat!
Unknown command.
You are out of magic!
Unknown command.
Things that are here:
a bat corpse; a rat corpse; a frilled lizard corpse
c - a red potion Unknown command.
Found 10 gold pieces.
Unknown command.
You see here 10 gold pieces.
A rat and an endoplasm come into view.
Found a stone staircase leading down.
You see here a +0 robe.
Unknown command.
But you're not safe!
Unknown command.
But you're not safe!
Unknown command.
Unknown command.
Unknown command.
Unknown command.
Unknown command.
Are you sure you want to abandon this character and quit the game? (Confirm with "yes".)

###.###
##†....######.##.#
#Q#.#H#
#................#
###.###
##.....###....####
#K#.#B# ##...##
#.#### ###.### ##..#
#$# #N#.#d# #..# #.#
###.#########..# #.#
#9#.#h#>.......####.#
*###.###
#.....@.....#
*#i#.#6#
#.###r####### ###.###
* #. #m#.#M# *, #J
###.### #. ,#p#.#p#,
..* ###.### * ##
*#e#.#H# , ###.###


You could see an endoplasm and a rat.

Vanquished Creatures
  A giant cockroach (D:1)
  2 hobgoblins (D:1)
  2 bats (D:1)
  A frilled lizard (D:1)
  A rat (D:1)
7 creatures vanquished.

Notes
Turn   | Place    | Note
-------+----------+-------------------------------------------
     0 | D:1      | sentinel the Meteoran Earth Elementalist began the quest
                  | for the Orb.
     0 | D:1      | Reached XP level 1. HP: 14/14 MP: 5/5
     2 | D:1      | Noticed a human
     2 | D:1      | Noticed a ghoul
     4 | D:1      | Noticed a vampire
     6 | D:1      | Noticed an ogre
     6 | D:1      | Noticed a troll
     8 | D:1      | Noticed an elf
     8 | D:1      | Noticed a minotaur
    10 | D:1      | Noticed a demigod
    10 | D:1      | Noticed a meteoran
    12 | D:1      | Noticed a merfolk
    14 | D:1      | Noticed a spriggan
    14 | D:1      | Noticed a demonspawn
    16 | D:1      | Noticed a gargoyle
    16 | D:1      | Noticed a felid
    18 | D:1      | Noticed a naga
    18 | D:1      | Noticed a draconian
    20 | D:1      | Noticed a formicid
    22 | D:1      | Noticed a tengu
    22 | D:1      | Noticed a palentonga
    24 | D:1      | Noticed a merfolk
    24 | D:1      | Noticed an octopode
    26 | D:1      | Noticed a tengu
    26 | D:1      | Noticed a troll
    82 | D:1      | Found a faded altar of an unknown god.
    87 | D:1      | Reached skill level 4 in Earth Magic
    88 | D:1      | Reached XP level 2. HP: 19/20 MP: 2/6
   132 | D:1      | Quit the game

Illustrated notes

Levels and vault maps discovered:
D:1:      kb_arrival_jail, layout_loops_ring,
          shapermc_ecumenical_altar_starsandcircs

Skill      XL: |  1 |
---------------+----+-----
Earth Magic    | 4 |  4.2
Dodging        | |  2.4
Stealth        | |  1.4
Spellcasting   | |  2.6
Transmutations | |  1.2

Action                   || total
-------------------------++-------
Melee: Unarmed           ||     4
 Cast: Sandblast         ||    12
Armor: Robe              ||     3
Dodge: Dodged            ||     9
